 Dungeon Crawl Stone Soup version 0.23.0-3-gf3c87f2 (webtiles) character file.

Game seed: 13664419771635694770

280 misha the Spear-Bearer (level 6, -3/48 HPs)
             Began as a Merfolk Gladiator on Feb 20, 2019.
             Slain by Purgy (4 damage)
             ... on level 4 of the Dungeon.
             The game lasted 00:21:14 (3855 turns).

misha the Spear-Bearer (Merfolk Gladiator)          Turns: 3855, Time: 00:21:15

Health: -3/48      AC:  4    Str: 16    XL:     6   Next: 27%
Magic:  6/6        EV: 14    Int:  8    God:
Gold:   103        SH:  0    Dex: 15    Spells: 5/5 levels left

rFire    . . .     SeeInvis .   t - +0 spear (venom)
rCold    . . .     Gourm    .   (no shield)
rNeg     . . .     Faith    .   a - +0 leather armour
rPois    .         Spirit   .   c - +0 helmet
rElec    .         Reflect  .   (no cloak)
rCorr    .         Harm     .   (no gloves)
MR       .....                  (no boots)
Stlth    +.........             (no amulet)
HPRegen  0.16/turn              (no ring)
MPRegen  0.10/turn              (no ring)

@: no status effects
A: change form in water, swift swim, stealthy swim
a: no special abilities


You were on level 4 of the Dungeon.
You were not hungry.

You visited 1 branch of the dungeon, and saw 4 of its levels.

You collected 103 gold pieces.

Inventory:

Hand Weapons
 b - a cursed -1 whip
 e - a +0 short sword
 s - a +0 dagger
 t - a +0 spear of venom (weapon)
 u - a +0 club
 v - a +0 dagger
 w - a +0 trident
 x - a +0 short sword
 z - a +0 hand axe
 A - a +0 mace
 B - a +0 dagger
 C - a +0 dagger
 D - a +0 club
 E - a +0 club
 G - a +0 club
 L - a +2 war axe of venom
Missiles
 n - 23 bolts
 p - 14 sling bullets
 q - 50 stones (quivered)
 J - 20 poisoned needles
Armour
 a - a +0 leather armour (worn)
 c - a +0 helmet (worn)
 g - a +0 ring mail
 y - a +0 robe
 F - a +0 robe
 H - a +0 robe
Jewellery
 l - an uncursed ring of positive energy {unknown}
Scrolls
 h - a scroll of enchant armour {unknown}
 j - a scroll of fear
 o - a scroll of immolation {unknown}
 I - 3 scrolls of identify {unknown}
 K - a scroll of remove curse {unknown}
 N - 2 scrolls of teleportation {unknown}
Potions
 i - a potion of mutation {unknown}
 k - a potion of might {unknown}
 r - 2 potions of lignification {unknown}
 M - a potion of ambrosia {unknown}
Comestibles
 f - 3 rations


   Skills:
 + Level 3.9 Fighting
 * Level 8.1 Polearms
 - Level 2.5 Throwing
 - Level 4.5 Dodging


You had 5 spell levels left.
You didn't know any spells.
Your spell library was empty.

Dungeon Overview and Level Annotations

Branches:
Dungeon (4/15)
 Temple: D:4-7

Altars:

Annotations:
D:4 Purgy


Message History

You closely miss Purgy.
Purgy is severely wounded.
Purgy bites you.
* * * LOW HITPOINT WARNING * * *
Purgy barely misses you. Purgy claws you but does no damage.
You are too injured to fight recklessly!
You are too injured to fight recklessly!
You barely miss Purgy.
Purgy is severely wounded.
Purgy bites you.
* * * LOW HITPOINT WARNING * * *
Purgy closely misses you. Purgy claws you but does no damage.
You hit Purgy.
Purgy looks as sick as possible!
Purgy is almost dead.
You are too injured to fight recklessly!
You barely miss Purgy.
Purgy is almost dead.
Purgy clenches his claws.
Purgy bites you.
You die...

.. .......... ...
.....(. ...T ....
#...#########.####
#...'((....##....#
#(....÷...).#
#.###)###♣..## #T#
#)# #♣..♣ #@# #)#
#P♣K♣## #.#
#)#####♣.♣.## #.#
#.#...#P♣...# ..#
#.)[..##P♣).P# ###
###)##### K... #.#
K..♣ #.# .... #<#
♣... ### ...


You could see Purgy.

Vanquished Creatures
  A big kobold (D:4)
  A hound (D:4)
  2 orc wizards (D:4)
  Terence (D:3)
  3 adders (D:2)
  2 leopard geckos (D:2)
  8 orcs
  6 bats
  A giant cockroach (D:1)
  8 goblins
  7 hobgoblins
  2 jackals (D:3)
  A ball python (D:4)
  4 frilled lizards
  22 kobolds
  7 rats
76 creatures vanquished.

Vanquished Creatures (others)
  A kobold (D:4)
  8 plants (D:4)
9 creatures vanquished.

Grand Total: 85 creatures vanquished

Notes
Turn   | Place    | Note
-------+----------+-------------------------------------------
     0 | D:1      | misha the Merfolk Gladiator began the quest for the Orb.
     0 | D:1      | Reached XP level 1. HP: 16/16 MP: 1/1
   282 | D:1      | Reached XP level 2. HP: 22/22 MP: 2/2
   458 | D:1      | Reached skill level 5 in Polearms
  1311 | D:2      | Reached XP level 3. HP: 24/28 MP: 3/3
  2306 | D:2      | Reached XP level 4. HP: 33/34 MP: 4/4
  2383 | D:2      | Reached skill level 6 in Polearms
  2905 | D:3      | Noticed Terence
  2917 | D:3      | Killed Terence
  2943 | D:3      | Noticed an ogre
  3297 | D:4      | Reached XP level 5. HP: 29/41 MP: 5/5
  3300 | D:4      | Reached skill level 7 in Polearms
  3755 | D:4      | Noticed a big kobold
  3788 | D:4      | Killed a big kobold
  3788 | D:4      | Reached skill level 8 in Polearms
  3788 | D:4      | Reached XP level 6. HP: 43/48 MP: 6/6
  3816 | D:4      | Noticed Purgy
  3853 | D:4      | HP: 1/48 [Purgy (6)]
  3855 | D:4      | Slain by Purgy

Skill      XL: |  1  2  3  4  5 |
---------------+----------------+-----
Polearms       | 5 6 8 |  8.1
Fighting       | 3 |  3.9
Throwing       | |  2.5
Dodging        | |  4.5

Action                   |  1- 3 |  4- 6 || total
-------------------------+-------+-------++-------
Melee: Trident           |    47 |       ||    47
       Spear             |    51 |   180 ||   231
Throw: Throwing net      |     1 |     2 ||     3
       Javelin           |       |     4 ||     4
  Use: Scroll            |       |     1 ||     1
  Eat: Ration            |     1 |     2 ||     3
       Chunk             |       |     2 ||     2
Armor: Leather armour    |    15 |    43 ||    58
Dodge: Dodged            |    54 |   100 ||   154
